 Dungeon Crawl Stone Soup version 0.32-a0-685-g93135e86f0 (webtiles) character file.

Game seed: 5208433104877367136

6450 BubbleThief the Fighter (level 10, -6/84 (88) HPs)
             Began as a Demonspawn Necromancer on Mar 13, 2024.
             Was a Believer of Kikubaaqudgha.
             Shot with an arrow by a centaur warrior (17 damage)
             ... on level 9 of the Dungeon.
             The game lasted 00:20:24 (9687 turns).

BubbleThief the Fighter (Demonspawn Necromancer)    Turns: 9687, Time: 00:20:25

HP:   -6/84 (88)    AC: 10    Str:  7    XL:     10   Next: 67%
MP:   6/16          EV: 20    Int: 15    God:    Kikubaaqudgha [**....]
Gold: 770           SH:  0    Dex: 18    Spells: 2/17 levels left

rFire   + + .        g - +5 scythe (venom)
rCold   . . .        (shield currently unavailable)
rNeg    + . .        l - +0 robe "Ynimpyfy" {rF++ rN+ Str-2}
rPois   .            d - +2 hat
rElec   .            (no cloak)
rCorr   .            (no gloves)
SInv    .            D - +1 pair of boots {Fly}
Will    .....        A - amulet of regeneration
Stlth   ++           C - +4 ring of protection
HPRegen 2.14/turn    v - +5 ring of evasion
MPRegen 0.15/turn

%: no passive effects
@: about to teleport, animating dead, flying, lightly drained
A: ignite blood 1, powered by death 2, demonic touch 2
a: Renounce Religion, Unearth Wretches


You were on level 9 of the Dungeon.
You worshipped Kikubaaqudgha.
Kikubaaqudgha was pleased with you.
You visited 2 branches of the dungeon, and saw 10 of its levels.
You also visited: Bailey.

You collected 770 gold pieces.

Inventory:

Hand Weapons
 g - a +5 scythe of venom (weapon)
 i - a +0 rapier
 z - a +1 glaive of venom
Missiles
 a - a throwing net
Armour
 d - a +2 hat (worn)
 l - the +0 robe "Ynimpyfy" (worn) {rF++ rN+ Str-2}
   (You found it on level 2 of the Dungeon)

   Str-2:     It affects your strength (-2).
   rF++:      It greatly protects you from fire.
   rN+:       It protects you from negative energy.
 u - +0 steam dragon scales
 D - a +1 pair of boots of flying (worn)
Jewellery
 s - a ring of flight
 v - a +5 ring of evasion (right hand)
 A - an amulet of regeneration (around neck)
 C - a +4 ring of protection (left hand)
Wands
 k - a wand of iceblast (9)
 x - a wand of paralysis (11)
 E - a wand of digging (5)
Scrolls
 c - 2 scrolls of identify
 f - 2 scrolls of fear
 y - 2 scrolls of amnesia
 F - a scroll of enchant weapon
Potions
 b - 2 potions of magic
 j - a potion of ambrosia {unknown}
 n - 4 potions of enlightenment
 o - 3 potions of invisibility
 p - 2 potions of brilliance
 q - 3 potions of attraction
 r - a potion of degeneration {unknown}
 t - a potion of might
 w - 5 potions of curing
 B - 2 potions of heal wounds {unknown}
 G - a potion of lignification {unknown}
Miscellaneous
 m - a phial of floods


   Skills:
 + Level 11.2 Fighting
 + Level 6.2 Dodging
 - Level 1.7 Stealth
 - Level 4.0 Spellcasting
 + Level 10.9 Necromancy


You had 2 spell levels left.
You knew the following spells:

 Your Spells              Type           Power      Damage    Failure   Level
a - Necrotise             Necr           100%       1d9       1%          1
b - Vampiric Draining     Necr           35%        2d8       1%          3
c - Animate Dead          Necr           35%        N/A       1%          4
d - Sublimation of Blood  Necr           35%        N/A       1%          2
e - Curse of Agony        Necr           35%        N/A       6%          5

Your spell library contained the following spells:

 Spells                   Type           Power      Damage    Failure   Level
 Cigotuvi's Dreadful Rot  Necr/Alch/Air  26%        N/A       6%          2
 Blink                    Tloc           6%         N/A       26%         2
 Lesser Beckoning         Tloc           6%         N/A       26%         2
 Momentum Strike          Conj/Tloc      6%         3d8       26%         2


Dungeon Overview and Level Annotations

Branches:
Dungeon (9/15)             Temple (1/1) D:5          Bailey (visited)
   Lair: D:8-11         Orc: D:9-12

Altars:
Ashenzari
Cheibriados
Dithmenos
Fedhas
Gozag
Hepliaklqana
Kikubaaqudgha
Makhleb
Nemelex Xobeh
Okawaru
Qazlal
Ru
Sif Muna
Trog
Uskayaw
Vehumet
Wu Jian
Xom
Yredelemnul

Shops:
D:2 [   D:4 (   D:8 (

Annotations:
D:3 2 transporters, robwolf's ghost, amateur MiFi


Innate Abilities, Weirdness & Mutations

Your demonic aura sometimes causes spilled blood to erupt in flames.
You regenerate health from kills.
Your touch may inflict irresistible damage on your foes.


Message History

The troll bites you! The troll closely misses you. The troll claws you!
Unknown command.
The centaur warrior shouts!
You hit the troll.
The troll is poisoned.
The troll is lightly wounded.
The centaur warrior wields a +0 orcbow.
The centaur warrior shoots an arrow.
The arrow hits you!
The laughing skull lets out a vicious peal of laugher.
The bolt of negative energy hits you. You partially resist.
You feel drained.
The troll is engulfed in blazing flames.
The troll misses you.
The troll claws you but does no damage. x2
The centaur warrior shoots an arrow.
The arrow hits you!
Okay, then.
As you read the scroll of fear, it crumbles to dust.
You assume a fearsome visage.
The centaur warrior resists with some effort.
The freezing wraith is unaffected.
The laughing skull is unaffected.
The troll looks frightened!
The laughing skull cackles spitefully.
The bolt of negative energy hits you! You partially resist.
You feel drained.
The centaur warrior shoots an arrow.
The arrow hits you!
The troll is engulfed in blazing flames.
As you read the scroll of teleportation, it crumbles to dust.
You feel strangely unstable.
The centaur warrior shoots an arrow.
The arrow hits you.
* * * LOW HITPOINT WARNING * * *
The laughing skull headbutts you but does no damage.
Unknown command.
Unknown command.
The centaur warrior shoots an arrow.
The arrow hits you!
* * * LOW HITPOINT WARNING * * *
The laughing skull barely misses you.
Unknown command.
The centaur warrior shoots an arrow.
The arrow closely misses you.
The centaur warrior shoots an arrow.
The arrow hits you.
* * * LOW HITPOINT WARNING * * *
Unknown command.
The centaur warrior shoots an arrow.
The arrow hits you!
You die...
Kikubaaqudgha rasps: You have failed me!
Welcome... death!

...................#..
..................###..
.....#............ ..
.......#....###### .##
................|#
........##......#
.......##.†....#
...............#
.....#.@..#....#.
.....#.............
#....#..z...##.....
#... #.)..W(##......
#:......c......
######....#....
......... ......#
..T...#


You could see a centaur warrior, a freezing wraith and a laughing skull.

Vanquished Creatures
  A two-headed ogre (D:9)
  Amaemon (D:8)
  An ugly thing (D:9)
  A cyclops (D:9)
  An orange demon (D:8)
  A troll (D:7)
  Grinder (D:6)
  A hornet (D:7)
  Sigmund (D:3)
  A spriggan (shapeshifter) (D:9)
  A steam dragon (D:6)
  A water moccasin (D:8)
  9 orc warriors
  A black bear (D:6)
  An ice beast (D:7)
  An ogre (D:5)
  3 centaurs
  A phantom (D:6)
  A bullfrog (D:7)
  3 wights (D:8)
  4 killer bees (D:8)
  A howler monkey (D:7)
  4 electric eels (D:7)
  A jelly (D:5)
  4 bombardier beetles
  2 hounds
  3 orc priests
  2 gnoll boudas
  4 iguanas
  2 sleepcaps
  Natasha (thrice) (D:3)
  4 orc wizards
  11 gnolls
  9 adders
  2 white imps (D:6)
  2 ufetubi (D:6)
  6 dart slugs
  2 ribbon worms
  15 orcs
  5 bats
  7 endoplasms
  5 giant cockroaches
  9 goblins
  4 hobgoblins
  2 jackals (D:2)
  4 quokkas
  7 ball pythons
  4 frilled lizards
  21 kobolds
  An orc zombie (D:9)
  2 rats
184 creatures vanquished.

Vanquished Creatures (collateral kills)
  A centaur (D:8)
  A killer bee (D:8)
  A gnoll (D:5)
  An endoplasm (D:3)
  2 goblins
6 creatures vanquished.

Vanquished Creatures (others)
  A centaur zombie (D:8)
  An orc wizard (D:8)
  A goblin zombie (Bailey)
  6 kobold zombies (Bailey)
  14 orc zombies
23 creatures vanquished.

Grand Total: 213 creatures vanquished

Notes
Turn   | Place    | Note
-------+----------+-------------------------------------------
     0 | D:1      | BubbleThief the Demonspawn Necromancer began the quest for
                  | the Orb.
     0 | D:1      | Reached XP level 1. HP: 13/13 MP: 3/3
   147 | D:1      | Gained mutation: Your touch may inflict minor irresistible
                  | damage on your foes. [demonic ancestry]
   147 | D:1      | Reached XP level 2. HP: 13/19 MP: 0/5
   573 | D:1      | Reached skill level 5 in Necromancy
  1271 | D:2      | Reached XP level 3. HP: 24/24 MP: 1/6
  1843 | D:2      | Found Ijel's Armour Boutique.
  1919 | D:2      | Gained mutation: You regenerate a little health from kills.
                  | [demonic ancestry]
  1919 | D:2      | Reached XP level 4. HP: 25/30 MP: 3/8
  2077 | D:2      | Identified the +0 robe "Ynimpyfy" {rF++ rN+ Str-2}
  2234 | D:3      | Noticed Sigmund
  2242 | D:3      | Killed Sigmund
  2243 | D:3      | Reached skill level 1 in Fighting
  2243 | D:3      | Gained mutation: You regenerate health from kills. [demonic
                  | ancestry]
  2243 | D:3      | Reached XP level 5. HP: 5/38 MP: 2/10
  2245 | D:3      | HP: 1/38 [poisoned by Sigmund]
  2400 | D:3      | Reached XP level 6. HP: 42/44 MP: 1/11
  2583 | D:3      | Noticed robwolf's ghost (amateur MiFi)
  2584 | D:3      | Found a transporter.
  2584 | D:3      | Found a transporter.
  2663 | D:3      | Reached skill level 2 in Fighting
  2695 | D:3      | Learned a level 3 spell: Vampiric Draining
  2700 | D:3      | Learned a level 4 spell: Animate Dead
  2958 | D:3      | Noticed Natasha
  2966 | D:3      | Killed Natasha
  3083 | D:3      | Noticed Natasha
  3090 | D:3      | Killed Natasha
  3224 | D:3      | Noticed Natasha
  3228 | D:3      | Killed Natasha
  3296 | D:4      | Found Tutiat's Weapon Emporium.
  4620 | D:5      | Entered Level 5 of the Dungeon
  4649 | D:5      | Reached XP level 7. HP: 51/51 MP: 5/13
  4653 | D:5      | Reached skill level 3 in Fighting
  4871 | D:5      | Reached skill level 4 in Fighting
  5105 | D:5      | Found a staircase to the Ecumenical Temple.
  5114 | Temple   | Entered the Ecumenical Temple
  5132 | Temple   | Became a worshipper of Kikubaaqudgha
  5189 | D:5      | Found a sparkling altar of Nemelex Xobeh.
  5208 | D:5      | Found a basalt altar of Yredelemnul.
  5208 | D:5      | Found a burning altar of Makhleb.
  5212 | D:5      | Found a shimmering blue altar of Sif Muna.
  5629 | D:6      | Reached skill level 5 in Fighting
  5660 | D:6      | Gained mutation: Your touch may inflict irresistible damage
                  | on your foes. [demonic ancestry]
  5660 | D:6      | Reached XP level 8. HP: 56/64 MP: 14/14
  5755 | D:6      | Noticed Grinder
  5759 | D:6      | Paralysed by Grinder for 3 turns
  5767 | D:6      | Reached skill level 6 in Fighting
  5771 | D:6      | Killed Grinder
  5924 | D:6      | Reached skill level 7 in Fighting
  6509 | D:6      | Reached skill level 8 in Fighting
  6630 | D:7      | Noticed a troll
  6636 | D:7      | Killed a troll
  6757 | D:7      | Reached skill level 9 in Fighting
  7165 | D:7      | Reached XP level 9. HP: 64/76 MP: 15/15
  7774 | D:8      | Reached * piety under Kikubaaqudgha
  7774 | D:8      | Received a gift from Kikubaaqudgha
  7784 | D:8      | Found a flagged portal.
  7830 | Bailey   | Entered a bailey
  8098 | Bailey   | Reached skill level 10 in Fighting
  8297 | D:8      | Identified the +3 chain mail of Sextup {-Tele MP+9 Dex+4}
  8501 | D:8      | Reached ** piety under Kikubaaqudgha
  8854 | D:8      | Noticed an orange demon
  8855 | D:8      | Noticed Amaemon
  8875 | D:8      | Killed an orange demon
  8876 | D:8      | Gained mutation: Your demonic aura sometimes causes spilled
                  | blood to erupt in flames. [demonic ancestry]
  8876 | D:8      | Reached XP level 10. HP: 23/86 MP: 11/16
  9078 | D:8      | Found Qola's Antique Weapon Shoppe.
  9096 | D:8      | Killed Amaemon
  9097 | D:8      | Reached skill level 5 in Dodging
  9097 | D:8      | Reached skill level 10 in Necromancy
  9102 | D:8      | Learned a level 2 spell: Sublimation of Blood
  9108 | D:8      | Learned a level 5 spell: Curse of Agony
  9598 | D:9      | Noticed a cyan ugly thing
  9608 | D:9      | Killed a cyan ugly thing
  9664 | D:9      | Noticed a two-headed ogre
  9671 | D:9      | Noticed a cyclops
  9673 | D:9      | Killed a two-headed ogre
  9674 | D:9      | Reached skill level 11 in Fighting
  9680 | D:9      | Killed a cyclops
  9681 | D:9      | Noticed a centaur warrior
  9687 | D:9      | Shot with an arrow by a centaur warrior

Illustrated notes

Levels and vault maps discovered:
D:1:      scummos_arrival_simple_crosswalls, layout_loops_corners,
          serial_rivers, chequers_serial_rivers_micro_a,
          chequers_serial_rivers_micro_a, chequers_serial_rivers_micro_c,
          chequers_serial_rivers_small_a, chequers_serial_rivers_micro_a,
          chequers_serial_rivers_micro_b
D:2:      layout_rooms, serial_forest, infiniplex_forest_lined_1,
          infiniplex_forest_clump_small, infiniplex_forest_clump_C,
          infiniplex_forest_corner_2, infiniplex_forest_end_double,
          infiniplex_forest_straight_3, infiniplex_forest_straight_2,
          serial_shops, shop
D:3:      minmay_door_path, layout_basic, gammafunk_ghost_smash,
          grunt_ministairs_5, uniq_sigmund, uniq_natasha
D:4:      layout_layer_cave, serial_shops, nicolae_shop_tiny_glass
D:5:      layout_cave_pools, marbit_many_paths, minitemple,
          minmay_temple_entry_mist
D:6:      layout_gridville, uniq_grinder
D:7:      layout_rooms, kennysheep_big_empty_room, chequers_big_river
D:8:      layout_layer_cave, enter_bailey_8, serial_shops, shop, uniq_amaemon
D:9:      minmay_cut_squares, layout_cave_pools, minmay_fractal_squares_5
Temple:   minmay_temple_bridge_d

Skill      XL: |  1  2  3  4  5  6  7  8  9 10 |
---------------+-------------------------------+-----
Necromancy     | 5 6 7 8 9 10 | 10.9
Fighting       | 1 2 5 9 10 11 | 11.2
Spellcasting   | 3 4 |  4.0
Dodging        | 4 6 |  6.2
Stealth        | |  1.7

Action                     |  1- 3 |  4- 6 |  7- 9 | 10-12 || total
---------------------------+-------+-------+-------+-------++-------
  Melee: Unarmed           |    18 |       |       |       ||    18
         Dagger            |     2 |       |       |       ||     2
         Touch             |     2 |       |       |       ||     2
         Rapier            |     8 |     1 |       |       ||     9
         Halberd           |       |    21 |   187 |    46 ||   254
   Cast: Necrotise         |    79 |    84 |   107 |     9 ||   279
         Vampiric Draining |       |     1 |    12 |     4 ||    17
         Animate Dead      |       |       |     4 |     2 ||     6
  Evoke: Wand              |       |       |     1 |       ||     1
    Use: Potion            |     1 |     1 |       |       ||     2
         Scroll            |       |       |    12 |     2 ||    14
   Stab: Sleeping          |       |     3 |     1 |       ||     4
         Paralysed         |       |       |     6 |       ||     6
         Distracted        |       |       |     2 |       ||     2
 Armour: Robe              |    41 |    16 |   144 |    53 ||   254
  Dodge: Dodged            |    28 |    10 |   254 |    76 ||   368
  Block: Other             |       |     8 |    26 |       ||    34
         Reflection        |       |     1 |       |       ||     1

Table legend: (Time is in decaauts)
 A = Elapsed time spent in this place.
 B = Non-inter-level travel time spent in this place.
 C = Inter-level travel time spent in this place.
 D = Time resting spent in this place.
 E = Time spent auto-exploring this place.
 F = Levels seen in this place.
 G = Mean time per level.
                   A        B        C        D        E       F      G
               +--------+--------+--------+--------+--------+-----+--------+
         Total |   9837 |   9591 |    246 |    176 |   7719 |  11 |  894.3 |
       Dungeon |   9342 |   9130 |    212 |    176 |   7499 |   9 | 1038.0 |
        Temple |     36 |      2 |     34 |      0 |      0 |   1 |   36.0 |
        Bailey |    457 |    457 |      0 |      0 |    219 |   1 |  457.0 |
               +--------+--------+--------+--------+--------+-----+--------+

Top non-repeatable levels by time:
     D:8: 1452 daAuts
     D:4: 1346 daAuts
     D:1: 1213 daAuts
     D:7: 1073 daAuts
     D:6: 1072 daAuts
     D:3: 1063 daAuts
     D:2: 1017 daAuts
     D:5: 923 daAuts
  Bailey: 457 daAuts
     D:9: 179 daAuts
  Temple: 36 daAuts
